 Dungeon Crawl Stone Soup version 0.31-a0-703-gcfe89afef6 (webtiles) character file.

Game seed: 4409480037431579621

3795 Lorrdernie the Carver (level 9, -8/70 HPs)
             Began as a Minotaur Fighter on Sept 9, 2023.
             Was a Priest of Okawaru.
             Mangled by an orc knight
             ... wielding a +0 war axe
              (20 damage)
             ... in a bailey.
             The game lasted 00:11:29 (7980 turns).

Lorrdernie the Carver (Minotaur Fighter)            Turns: 7980, Time: 00:11:30

Health: -8/70      AC:  6    Str: 21    XL:     9   Next: 96%
Magic:  12/12      EV: 12    Int:  7    God:    Okawaru [***...]
Gold:   483        SH:  5    Dex: 12    Spells: 8/8 levels left

rFire   + . .        B - +2 scimitar (flame)
rCold   . . .        c - +0 buckler
rNeg    . . .        z - +1 leather armour {rF+}
rPois   +            (helmet restricted)
rElec   .            (no cloak)
rCorr   .            g - +0 pair of gloves
SInv    .            w - +0 pair of boots
Will    +....        (no amulet)
Stlth   +            i - ring of willpower
HPRegen 0.31/turn    C - ring of poison resistance
MPRegen 0.13/turn

%: no passive effects
@: no status effects
A: horns 2, retaliatory headbutt
a: Renounce Religion, Heroism


You were in a bailey.
You worshipped Okawaru.
Okawaru was most pleased with you.
You visited 2 branches of the dungeon, and saw 9 of its levels.
You also visited: Bailey.

You collected 527 gold pieces.
You spent 44 gold pieces at shops.

Inventory:

Hand Weapons
 a - a +1 long sword of venom
 j - a +0 dagger of venom
 u - the +7 staff of the Meek {protect, meekguard}
   (You found it on level 4 of the Dungeon)
 B - a +2 scimitar of flaming (weapon)
Missiles
 y - 8 boomerangs (quivered)
Armour
 b - a +0 scale mail
 c - a +0 buckler (worn)
 g - a +0 pair of gloves (worn)
 r - a +0 leather armour of poison resistance
 w - a +0 pair of boots (worn)
 z - a +1 leather armour of fire resistance (worn)
Jewellery
 i - a ring of willpower (left hand)
 C - a ring of poison resistance (right hand)
 F - a ring of fire
Wands
 n - a wand of polymorph (23)
 v - a wand of flame (34)
Scrolls
 e - 5 scrolls of teleportation
 f - 7 scrolls of identify
 k - 3 scrolls of amnesia
 p - a scroll of fear
 A - a scroll of revelation
Potions
 d - 2 potions of might
 h - 2 potions of ambrosia
 l - 3 potions of brilliance
 m - a potion of berserk rage
 o - a potion of lignification {unknown}
 q - a potion of curing
 s - a potion of degeneration {unknown}
 x - 2 potions of magic {unknown}
 D - a potion of mutation {unknown}


   Skills:
 - Level 3.6 Fighting
 - Level 14.0 Long Blades
 * Level 0.0 Throwing
 - Level 3.6 Armour
 + Level 4.0 Dodging
 + Level 6.1 Shields
 + Level 5.8 Invocations


You had 8 spell levels left.
You didn't know any spells.
Your spell library contained the following spells:

 Spells                   Type           Power      Damage    Failure   Level
 Freeze                   Ice            0%         1d3       54%         1
 Poisonous Vapours        Pois/Air       0%         N/A       69%         2
 Frozen Ramparts          Ice            0%         1d1       89%         3
 Hailstorm                Conj/Ice       0%         3d3       89%         3
 Mephitic Cloud           Conj/Pois/Air  0%         N/A       89%         3
 Ozocubu's Armour         Ice            0%         N/A       89%         3
 Sigil of Binding         Hex            0%         N/A       89%         3
 Dimensional Bullseye     Hex/Tloc       0%         N/A       100%        4
 Leda's Liquefaction      Hex/Erth       0%         N/A       100%        4
 Freezing Cloud           Conj/Ice/Air   0%         6-21      100%        5
 Metabolic Englaciation   Hex/Ice        0%         N/A       100%        5
 Call Canine Familiar     Summ           Unusable   N/A       N/A         3
 Simulacrum               Ice/Necr       Unusable   N/A       N/A         6

Dungeon Overview and Level Annotations

Branches:
Dungeon (8/15)             Temple (1/1) D:6          Bailey (1/1)
   Lair: D:8-11

Altars:
Ashenzari
Elyvilon
Gozag
Hepliaklqana
Kikubaaqudgha
Makhleb
Nemelex Xobeh
Okawaru
Ru
Trog
Uskayaw
Vehumet
Wu Jian
Yredelemnul
Zin
The Shining One

Shops:
D:7 *   D:8 !


Innate Abilities, Weirdness & Mutations

You have a pair of horns on your head.
You reflexively headbutt those who attack you in melee.


Message History

You closely miss the kobold. Your headbutt misses the kobold.
The kobold hits you but does no damage.
You closely miss the kobold. You block the kobold's attack.
You hit the kobold but do no damage. You headbutt the kobold.
You kill the kobold!
An orc knight comes into view. It is wielding a +0 war axe.
Things that are here:
2 boomerangs; a kobold corpse; a kobold corpse
Things that are here:
a +0 war axe; 2 curare-tipped darts; a kobold corpse You feel yourself speed up.
Things that are here:
4 boomerangs; a wand of flame (10)
There is an open gate here.
There is a gate leading back out of this place here.
Setting a skill training target for Throwing at 12.0.
Throw: 8 boomerangs
Press: ? - help, Q - select action, (/) - cycle Shift-Dir - straight line, f - orc knight
Aim: an orc knight, wielding a +0 war axe and wearing a +0 chain mail (50% to hit)
You throw a boomerang.
The boomerang barely misses the orc knight.
Unknown command.
The orc knight hits you with a +0 war axe!
You completely miss the orc knight. You slash the orc knight!
You burn the orc knight. You headbutt the orc knight.
The orc knight is lightly wounded.
The orc knight hits you with a +0 war axe!!
You are too injured to fight recklessly!
You are too injured to fight recklessly!
You are too injured to fight recklessly!
You closely miss the orc knight.
You headbutt the orc knight, but do no damage.
The orc knight is lightly wounded.
The orc knight hits you with a +0 war axe!!
* * * LOW HITPOINT WARNING * * *
You hit the orc knight. You burn the orc knight.
Your headbutt misses the orc knight.
The orc knight is moderately wounded.
The orc knight hits you with a +0 war axe!!
You die...

..~~.......~~...
#~~.......~~#
#~...(((.~#
####.).####
#...# #.(.#
#...# ##'o'##
##..@..##
#.......#
#...∩...#
##.....##
#######


You could see an orc knight.

Vanquished Creatures
  Erica (D:8)
  Pikel (D:8)
  Psyche (D:8)
  2 steam dragons (D:7)
  A water moccasin (D:7)
  4 sky beasts (D:7)
  4 black bears
  2 orc warriors (D:7)
  2 centaurs
  4 kobold brigands
  A phantom (D:7)
  A lemure (D:8)
  2 bullfrogs (D:7)
  A scorpion (D:4)
  4 jellies
  2 hounds
  3 orc priests
  2 iguanas
  A sleepcap (D:3)
  2 orc wizards (D:7)
  6 adders
  2 worms
  A dart slug (D:1)
  21 orcs
  7 endoplasms
  4 giant cockroaches
  12 goblins
  3 hobgoblins
  2 jackals (D:1)
  16 kobolds
  6 quokkas
  8 ball pythons
  6 bats
  A frilled lizard (D:1)
  5 rats
  A spectral goblin (D:1)
142 creatures vanquished.

Vanquished Creatures (others)
  A shadow imp (D:7)
  A goblin (D:8)
2 creatures vanquished.

Grand Total: 144 creatures vanquished

Notes
Turn   | Place    | Note
-------+----------+-------------------------------------------
     0 | D:1      | Lorrdernie the Minotaur Fighter began the quest for the
                  | Orb.
     0 | D:1      | Reached XP level 1. HP: 19/19 MP: 0/0
    64 | D:1      | Found a faded altar of an unknown god.
   282 | D:1      | Reached skill level 3 in Long Blades
   411 | D:1      | Reached XP level 2. HP: 25/26 MP: 1/1
   663 | D:1      | Reached skill level 4 in Long Blades
   791 | D:1      | Reached XP level 3. HP: 31/31 MP: 2/2
  1261 | D:2      | Reached skill level 5 in Long Blades
  1348 | D:2      | Reached XP level 4. HP: 39/39 MP: 3/3
  2150 | D:3      | Reached skill level 6 in Long Blades
  2452 | D:3      | Reached XP level 5. HP: 25/45 MP: 4/4
  2771 | D:4      | Found the +7 staff of the Meek {protect, meekguard}
  2852 | D:4      | Found a white marble altar of Elyvilon.
  2855 | D:4      | Reached skill level 7 in Long Blades
  3194 | D:4      | Reached XP level 6. HP: 49/51 MP: 5/5
  3273 | D:4      | Reached skill level 8 in Long Blades
  3687 | D:5      | Entered Level 5 of the Dungeon
  3916 | D:5      | Found a hazy altar of Hepliaklqana.
  4087 | D:5      | Reached skill level 9 in Long Blades
  4137 | D:5      | Found a glowing golden altar of the Shining One.
  4328 | D:5      | Found a sparkling altar of Nemelex Xobeh.
  4396 | D:5      | Reached XP level 7. HP: 52/57 MP: 6/6
  4742 | D:6      | Found a staircase to the Ecumenical Temple.
  4936 | Temple   | Entered the Ecumenical Temple
  4943 | Temple   | Became a worshipper of Warmaster Okawaru
  5069 | D:6      | Reached skill level 10 in Long Blades
  5926 | D:7      | Reached skill level 11 in Long Blades
  6094 | D:7      | Reached * piety under Okawaru
  6095 | D:7      | Reached XP level 8. HP: 52/64 MP: 7/7
  6172 | D:7      | Reached skill level 1 in Invocations
  6236 | D:7      | Reached skill level 12 in Long Blades
  6256 | D:7      | Reached ** piety under Okawaru
  6466 | D:7      | Reached skill level 13 in Long Blades
  6741 | D:7      | Reached XP level 9. HP: 64/70 MP: 10/10
  7231 | D:7      | Found a hide-covered altar of Uskayaw.
  7257 | D:7      | Found Zomoul's Assorted Antiques.
  7262 | D:7      | Bought a scroll labelled OCREISEKHEZ for 22 gold pieces
  7262 | D:7      | Bought a scroll labelled OKKIOCW BENK for 22 gold pieces
  7549 | D:8      | Noticed Erica
  7579 | D:8      | Killed Erica
  7579 | D:8      | Reached *** piety under Okawaru
  7580 | D:8      | Reached skill level 14 in Long Blades
  7619 | D:8      | Noticed Psyche
  7731 | D:8      | Found a flagged portal.
  7750 | D:8      | Noticed Pikel
  7754 | D:8      | Killed Psyche
  7755 | D:8      | Reached skill level 5 in Shields
  7755 | D:8      | Reached skill level 5 in Invocations
  7767 | D:8      | Killed Pikel
  7783 | D:8      | Found Tainetik's Distillery.
  7824 | Bailey   | Entered a bailey
  7966 | Bailey   | Noticed an orc knight
  7980 | Bailey   | Mangled by an orc knight

Illustrated notes

Levels and vault maps discovered:
D:1:      dpeg_arrival_central, layout_basic,
          dreamdust_ecumenical_altar_drowned_temple
D:2:      layout_basic, kennysheep_generic_room_13
D:3:      layout_basic, hellmonk_no_cap
D:4:      layout_loops_ring, elyvilon_altar_3, grunt_decor_resistance,
          grunt_ministairs_15, pf_guarded_unrand_meek
D:5:      layout_basic, mainiacjoe_overflow_concentric_impassable,
          mainiacjoe_overflow_brackets, nemelex_diamond_rough_becter,
          serial_glass, glass_columns_a, glass_columns_b,
          chequers_decorated_corner, grunt_ministairs_9,
          kennysheep_generic_room_11
D:6:      layout_cave_pods, minmay_temple_entry_antechambers
D:7:      layout_basic, nicolae_overflow_hidden_temple, serial_shops,
          nicolae_square_shop, hangedman_misty_isle
D:8:      layout_loops_ring, serial_shops, nicolae_shop_tiny_glass,
          serial_aquarium, aquarium_bridge_square [aquarium_subvault_wall,
          aquarium_subvault_bridge, aquarium_subvault_wall,
          aquarium_subvault_window], aquarium_bridge_square
          [aquarium_subvault_window, aquarium_subvault_bridge,
          aquarium_subvault_bridge, aquarium_subvault_wall],
          aquarium_window_fake, aquarium_window_corner, aquarium_view_2e,
          aquarium_view_2d, enter_bailey_5, hangedman_decor_lopped,
          hangedman_decor_riveting, chequers_serial_rivers_large_b,
          uniq_maurice, uniq_pikel, uniq_psyche, uniq_erica
Temple:   minmay_freezing_vapour_temple
Bailey:   bailey_axe_3, bailey

Skill      XL: |  1  2  3  4  5  6  7  8  9 |
---------------+----------------------------+-----
Long Blades    | 3 4 5 6 7 9 11 13 14 | 14.0
Invocations    | 3 5 |  5.8
Dodging        | 4 |  4.0
Shields        | 6 |  6.1
Fighting       | |  3.6
Armour         | |  3.6

Action                     |  1- 3 |  4- 6 |  7- 9 || total
---------------------------+-------+-------+-------++-------
  Melee: Long sword        |     7 |   121 |   200 ||   328
         Dagger            |   113 |    35 |       ||   148
         Headbutt          |    16 |    30 |    45 ||    91
         Scimitar          |       |       |    38 ||    38
         Unarmed           |       |       |     8 ||     8
  Throw: Boomerang         |       |       |     1 ||     1
    Use: Scroll            |       |     5 |     5 ||    10
         Potion            |       |       |     7 ||     7
 Armour: Scale mail        |    64 |    45 |       ||   109
         Leather armour    |       |    49 |   218 ||   267
         Skin              |       |       |     8 ||     8
  Dodge: Dodged            |    34 |    55 |   158 ||   247
  Block: Buckler           |    26 |    34 |    37 ||    97

Table legend: (Time is in decaauts)
 A = Elapsed time spent in this place.
 B = Non-inter-level travel time spent in this place.
 C = Inter-level travel time spent in this place.
 D = Time resting spent in this place.
 E = Time spent auto-exploring this place.
 F = Levels seen in this place.
 G = Mean time per level.
                   A        B        C        D        E       F      G
               +--------+--------+--------+--------+--------+-----+--------+
         Total |   7942 |   7575 |    367 |   1352 |   5092 |  10 |  794.2 |
       Dungeon |   7771 |   7407 |    364 |   1236 |   5090 |   8 |  971.4 |
        Temple |     15 |     12 |      3 |      0 |      0 |   1 |   15.0 |
        Bailey |    155 |    155 |      0 |    116 |      2 |   1 |  155.0 |
               +--------+--------+--------+--------+--------+-----+--------+

Top non-repeatable levels by time:
     D:7: 1629 daAuts
     D:6: 1302 daAuts
     D:2: 1016 daAuts
     D:4: 953 daAuts
     D:1: 942 daAuts
     D:5: 875 daAuts
     D:3: 796 daAuts
     D:8: 256 daAuts
  Bailey: 155 daAuts
  Temple: 15 daAuts
